 Dungeon Crawl Stone Soup version 0.28-a0-1130-gc51a68064b (webtiles) character file.

Game seed: 23170538198000985

2692 porpoise the Thaumaturge (level 9, 0/51 HPs)
             Began as a Deep Elf Conjurer on Dec 13, 2021.
             Was a Follower of Vehumet.
             Slain by a kobold brigand (2 damage)
             ... on level 7 of the Dungeon.
             The game lasted 00:25:06 (8168 turns).

porpoise the Thaumaturge (Deep Elf Conjurer)        Turns: 8168, Time: 00:25:07

Health: 0/51       AC:  7    Str:  6    XL:     9   Next: 38%
Magic:  0/24       EV: 13    Int: 26    God:    Vehumet [*.....]
Gold:   130        SH:  0    Dex: 19    Spells: 10/26 levels left

rFire   . . .      SeeInvis .   b - +0 hunting sling
rCold   . . .      Faith    .   (no shield)
rNeg    . . .      Spirit   .   d - +0 robe
rPois   .          Reflect  .   s - +1 helmet
rElec   .          Harm     .   (no cloak)
rCorr   .          Rampage  .   l - +1 pair of gloves
Will    .....                   p - +0 pair of boots
Stlth   ++++......              (no amulet)
HPRegen 0.17/turn               o - +6 ring of dexterity
MPRegen 0.19/turn               (no ring)

@: no status effects
A: no striking features
a: Renounce Religion


You were on level 7 of the Dungeon.
You worshipped Vehumet.
Vehumet was aware of your devotion.
You visited 1 branch of the dungeon, and saw 7 of its levels.

You collected 130 gold pieces.

Inventory:

Hand Weapons
 b - a +0 hunting sling (weapon)
 v - a +2 short sword of electrocution
Missiles
 c - 115 stones (quivered ammo)
 i - 4 javelins
 j - 38 sling bullets
 r - 28 poisoned darts
 t - 3 boomerangs
Armour
 d - a +0 robe (worn)
 l - a +1 pair of gloves (worn)
 p - a +0 pair of boots (worn)
 s - a +1 helmet (worn)
Magical Staves
 a - a staff of conjuration
Jewellery
 o - a +6 ring of dexterity (left hand)
Scrolls
 g - 3 scrolls of teleportation
 q - a scroll of noise {unknown}
 w - a scroll of enchant armour
Potions
 e - 2 potions of heal wounds
 f - 3 potions of curing
 h - a potion of might
 k - a potion of magic
 m - 2 potions of attraction
 n - a potion of degeneration {unknown}
 u - a potion of brilliance {unknown}
 x - a potion of cancellation {unknown}
 z - 3 potions of haste {unknown}


   Skills:
 * Level 3.2 Fighting
 - Level 2.4 Dodging
 - Level 7.0 Stealth
 * Level 9.4 Spellcasting
 - Level 7.0 Conjurations
 - Level 7.0 Hexes
 - Level 5.0 Translocations


You had 10 spell levels left.
You knew the following spells:

 Your Spells              Type           Power      Damage    Failure   Level
a - Magic Dart            Conj           100%       1d8       1%          1
b - Searing Ray           Conj           96%        2d7       1%          2
c - Fulminant Prism       Conj/Hex       24%        3d13      2%          4
d - Iskenderun's Mystic   Conj/Tloc      43%        2d10      4%          4
e - Lee's Rapid Deconstr  Erth           6%         3d7*      80%         5

Your spell library contained the following spells:

 Spells                   Type           Power      Damage    Failure   Level
 Sandblast                Erth           24%        2d8       4%          1
 Shock                    Conj/Air       100%       1d9       1%          1
 Dazzling Flash           Conj/Hex       96%        N/A       1%          3
 Summon Guardian Golem    Hex/Summ       30%        N/A       3%          3
 Summon Small Mammal      Summ           48%        N/A       4%          1
 Call Canine Familiar     Summ           12%        N/A       14%         3
 Swiftness                Air            12%        N/A       14%         3
 Airstrike                Air            6%         N/A       43%         4
 Starburst                Conj/Fire      15%        6d6       87%         6


Dungeon Overview and Level Annotations

Branches:
Dungeon (7/15)             Temple (0/1) D:6

Altars:
Ashenzari
Kikubaaqudgha
Vehumet
Xom

Shops:
D:5 :

Annotations:
D:6 1 runed translucent door, SirDiesAlot's ghost, novice MiDe


Message History

A kobold brigand is nearby!
You start resting.
A kobold comes into view.
It is wielding a +0 club. 2 kobolds come into view.
You start resting.
There are monsters nearby!
Okay, then.
Unknown command.
The kobold brigand shouts!
You hear a shout! x3
You hear a shout!
Casting: Searing Ray (safe; 1% risk of failure)
Confirm with . or Enter, or press ? or * to list all spells.
Aiming: Searing Ray (safe; 1% risk of failure)
Press: ? - help, Shift-Dir - straight line, f - kobold brigand
Aim: a kobold brigand, wielding a +0 whip, wearing a +0 scale mail and quivering poisoned darts (81% to hit)
The searing ray hits the kobold brigand!
The kobold brigand is moderately wounded. (Press . to maintain the ray.)
The kobold brigand throws a poisoned dart.
The poisoned dart barely misses you.
The searing ray hits the kobold brigand but does no damage.
The kobold brigand is moderately wounded.
The searing ray hits the kobold brigand.
The kobold brigand is heavily wounded.
The kobold brigand hits you with a +0 whip.
* * * LOW HITPOINT WARNING * * *
The searing ray hits the kobold brigand but does no damage.
The kobold brigand is heavily wounded.
You finish channelling your searing ray.
The kobold brigand closely misses you.
Casting: Searing Ray (safe; 1% risk of failure)
Confirm with . or Enter, or press ? or * to list all spells.
Aiming: Searing Ray (safe; 1% risk of failure)
Press: ? - help, Shift-Dir - straight line, f/p - kobold brigand
Aim: a kobold brigand, wielding a +0 whip, wearing a +0 scale mail and quivering poisoned darts (heavily wounded, 81% to hit)
The searing ray hits the kobold brigand!
The kobold brigand is severely wounded. (Press . to maintain the ray.)
The kobold brigand hits you with a +0 whip.
You die...

############
#....K@....#
#.########.#
K.........#
.....K..###
....K...#
.K......#
#K####..# .
#... #...


You could see a kobold brigand.

Vanquished Creatures
  A troll (D:6)
  A wyvern (D:7)
  A steam dragon (D:6)
  2 water moccasins
  3 sky beasts
  A necrophage (D:5)
  An ogre (D:5)
  5 centaurs
  A bullfrog (D:7)
  6 scorpions
  2 water moccasin skeletons
  4 wights (D:6)
  A howler monkey (D:6)
  2 orc priests (D:6)
  5 hounds
  2 orc wizards
  6 adders
  A white imp (D:4)
  2 worms (D:2)
  8 orcs
  7 ball pythons
  7 bats
  10 endoplasms
  6 giant cockroaches
  9 goblins
  6 hobgoblins
  12 jackals
  11 kobolds
  A quokka (D:3)
  2 frilled lizards
  6 rats
132 creatures vanquished.

Vanquished Creatures (others)
  14 fulminant prisms
  4 plants (D:7)
18 creatures vanquished.

Grand Total: 150 creatures vanquished

Notes
Turn   | Place    | Note
-------+----------+-------------------------------------------
     0 | D:1      | porpoise the Deep Elf Conjurer began the quest for the Orb.
     0 | D:1      | Reached XP level 1. HP: 10/10 MP: 6/6
   299 | D:1      | Reached XP level 2. HP: 15/15 MP: 4/8
   306 | D:1      | Learned a level 2 spell: Searing Ray
   457 | D:1      | Reached skill level 5 in Conjurations
   729 | D:1      | Reached XP level 3. HP: 19/19 MP: 5/9
   954 | D:1      | Found a faded altar of an unknown god.
  1596 | D:2      | Found an ancient bone altar of Kikubaaqudgha.
  1641 | D:2      | Reached XP level 4. HP: 24/24 MP: 6/11
  1650 | D:2      | Reached skill level 4 in Spellcasting
  2686 | D:3      | Found a radiant altar of Vehumet.
  2695 | D:3      | Became a worshipper of Vehumet
  3468 | D:3      | Reached XP level 5. HP: 28/28 MP: 11/14
  3493 | D:3      | Learned a level 4 spell: Fulminant Prism
  3498 | D:3      | Learned a level 4 spell: Iskenderun's Mystic Blast
  3669 | D:4      | Reached skill level 5 in Spellcasting
  3669 | D:4      | Reached skill level 1 in Hexes
  3933 | D:4      | Reached XP level 6. HP: 32/32 MP: 7/16
  4178 | D:4      | Reached * piety under Vehumet
  4178 | D:4      | Offered knowledge of Sandblast by Vehumet.
  4581 | D:4      | Found a broken altar of Ashenzari.
  4725 | D:5      | Entered Level 5 of the Dungeon
  4740 | D:5      | Found Poisoc's Self-Improvement Boutique.
  4847 | D:5      | Reached skill level 6 in Spellcasting
  4949 | D:5      | Noticed a sky beast
  5415 | D:5      | Reached XP level 7. HP: 22/36 MP: 13/18
  5547 | D:5      | Reached skill level 7 in Spellcasting
  5547 | D:5      | Reached skill level 5 in Hexes
  5596 | D:5      | Reached skill level 1 in Translocations
  6019 | D:5      | Reached skill level 5 in Stealth
  6139 | D:5      | Reached XP level 8. HP: 41/41 MP: 13/20
  6688 | D:6      | Found a staircase to the Ecumenical Temple.
  7008 | D:6      | Found a runed translucent door.
  7009 | D:6      | Found a shimmering altar of Xom.
  7009 | D:6      | Noticed SirDiesAlot's ghost (novice MiDe)
  7010 | D:6      | Noticed a +1 rapier of chaos
  7296 | D:6      | Reached skill level 5 in Translocations
  7412 | D:6      | Learned a level 5 spell: Lee's Rapid Deconstruction
  7628 | D:6      | Noticed a troll
  7633 | D:6      | Killed a troll
  7634 | D:6      | Reached skill level 1 in Fighting
  7634 | D:6      | Reached skill level 8 in Spellcasting
  7732 | D:6      | Reached XP level 9. HP: 45/48 MP: 14/23
  8060 | D:7      | Reached skill level 9 in Spellcasting
  8130 | D:7      | Noticed a troll
  8134 | D:7      | Paralysed by a hornet for 1 turns
  8139 | D:7      | HP: 2/51 [poisoned by a hornet]
  8166 | D:7      | HP: 2/51 [kobold brigand (3)]
  8168 | D:7      | Slain by a kobold brigand

Illustrated notes

Levels and vault maps discovered:
D:1:      nagdon_arrival_zigzag_paths, layout_basic,
          hellmonk_ecumenical_altar_inner_sanctum
D:2:      layout_basic, basic_altar
D:3:      layout_basic, lemuel_crystal_altar, grunt_decor_resistance
D:4:      layout_loops_ring, ashenzari_conservatory_becter
D:5:      layout_basic, chequers_decorated_corner, st_stairs_11,
          nicolae_shop_self_help
D:6:      layout_rooms, minmay_temple_entry_drinking_statues, ebering_ghost_xom,
          kennysheep_generic_room_7
D:7:      nzn_winding_woodlands_large [nzn_winding_woodlands_5x5_three,
          nzn_winding_woodlands_5x15_river_crossing,
          nzn_winding_woodlands_5x5_perimeter,
          nzn_winding_woodlands_center_triple_pond,
          nzn_winding_woodlands_15x15_eel_pit,
          nzn_winding_woodlands_center_pierced_h,
          nzn_winding_woodlands_5x5_open_star,
          nzn_winding_woodlands_5x15_sidewinder,
          nzn_winding_woodlands_5x5_default], layout_basic

Skill      XL: |  1  2  3  4  5  6  7  8  9 |
---------------+----------------------------+-----
Conjurations   | 5 6 7 |  7.0
Spellcasting   | 4 5 6 7 8 9 |  9.4
Hexes          | 2 4 6 7 |  7.0
Stealth        | 3 4 5 6 7 |  7.0
Translocations | 2 5 |  5.0
Fighting       | 1 3 |  3.2
Dodging        | |  2.4

Action                   |  1- 3 |  4- 6 |  7- 9 || total
-------------------------+-------+-------+-------++-------
 Fire: Hunting sling     |       |    18 |    19 ||    37
 Cast: Magic Dart        |    66 |    54 |       ||   120
       Searing Ray       |     5 |    28 |    37 ||    70
       Fulminant Prism   |       |     2 |    12 ||    14
       Iskenderun's Myst |       |       |     5 ||     5
  Use: Scroll            |     1 |    10 |     1 ||    12
Armor: Robe              |       |     2 |     9 ||    11
Dodge: Dodged            |     5 |    11 |    30 ||    46

Table legend: (Time is in decaauts)
 A = Elapsed time spent in this place.
 B = Non-inter-level travel time spent in this place.
 C = Inter-level travel time spent in this place.
 D = Time resting spent in this place.
 E = Time spent auto-exploring this place.
 F = Levels seen in this place.
 G = Mean time per level.
                   A        B        C        D        E       F      G
               +--------+--------+--------+--------+--------+-----+--------+
         Total |   8175 |   7947 |    228 |   4021 |   2945 |   7 | 1167.9 |
       Dungeon |   8175 |   7947 |    228 |   4021 |   2945 |   7 | 1167.9 |
               +--------+--------+--------+--------+--------+-----+--------+

Top non-repeatable levels by time:
     D:5: 2057 daAuts
     D:2: 1276 daAuts
     D:1: 1237 daAuts
     D:4: 1215 daAuts
     D:6: 1115 daAuts
     D:3: 996 daAuts
     D:7: 276 daAuts
